[Event "1st Gujarat GM Open 2018"]
[Site "Ahmedabad"]
[Date "2018.10.07"]
[Round "4"]
[White "Anusha N L V"]
[Black "Moksh Amit Doshi"]
[Result "1/2-1/2"]
[ECO "B08"]
[WhiteElo "1985"]
[BlackElo "2224"]
[Annotator "NA"]
[PlyCount "73"]
[EventDate "2018.10.05"]
[EventType "swiss"]
[EventCountry "IND"]
[SourceTitle "playchess.com"]
[Source "ChessBase"]
[SourceQuality "1"]
[TimeControl "5400+30"]

1. d4 g6 2. Nf3 Bg7 3. e4 d6 4. Nc3 Nf6 5. Be2 O-O 6. O-O c6 7. a4 Qc7 8. Bf4 Nbd7 9. e5 Nh5 10. Bg5 dxe5 11. Bxe7 Re8 12. d5 Nf4 13. d6 Nxe2+ 14. Qxe2 Qb6 15. Ng5 Nf8 16. Rfd1 h6 17. Nge4 Nd7 18. h4 Qa6 19. Qd2 Qc4 20. a5 f5 21. Ng3 Qf7 22. f3 Nc5 23. b4 Ne6 24. Nge2 Bd7 25. Rab1 Kh7 26. Na4 Bf8 27. Nc5 Bxe7 28. Nxd7 Bf6 29. Nxf6+ Qxf6 30. d7 Red8 31. Qd6 Kg7 32. a6 Rab8 33. b5 cxb5 34. Rb2 b4 35. Rxb4 Nd4 36. Rb5 Qe6 37. Qxe6 {[%emt 0:02:17] Kf6 [%clk 0:09:17]} 1/2-1/2

[Event "1st Gujarat GM Open 2018"]
[Site "Ahmedabad"]
[Date "2018.10.07"]
[Round "4"]
[White "Prajesh R"]
[Black "Surendran N"]
[Result "0-1"]
[ECO "E21"]
[WhiteElo "1953"]
[BlackElo "2210"]
[Annotator "NA"]
[PlyCount "76"]
[EventDate "2018.10.05"]
[EventType "swiss"]
[EventCountry "IND"]
[SourceTitle "playchess.com"]
[Source "ChessBase"]
[SourceQuality "1"]
[TimeControl "5400+30"]

1. d4 Nf6 2. c4 e6 3. Nc3 Bb4 4. Nf3 d5 5. Qa4+ Nc6 6. e3 O-O 7. Qc2 Qe7 8. Bd2 dxc4 9. Bxc4 a6 10. a3 Bd6 11. h3 e5 12. d5 Nb8 13. e4 Nbd7 14. O-O Re8 15. b4 Nf8 16. Rfc1 Ng6 17. Bf1 h6 18. Be3 Nh5 19. Na4 Qf6 20. Qd1 Ngf4 21. g4 Qg6 22. Nh4 Qg5 23. Nf3 Qg6 24. Nh4 Qg5 25. Nf3 Bxg4 26. hxg4 Qxg4+ 27. Kh1 Nf6 28. Nh2 Qg6 29. f3 N6h5 30. Bxf4 exf4 31. Bg2 f5 32. Nc5 Be5 33. Ra2 Qf6 34. Nf1 Bd4 35. Bh3 Bxc5 36. Rxc5 Qh4 37. Rh2 Ng3+ 38. Nxg3 fxg3 0-1

[Event "1st Gujarat GM Open 2018"]
[Site "Ahmedabad"]
[Date "2018.10.07"]
[Round "4"]
[White "Tanishka Kotia"]
[Black "Franco Valencia, Angela"]
[Result "1-0"]
[ECO "C45"]
[WhiteElo "1892"]
[BlackElo "2188"]
[Annotator "NA"]
[PlyCount "86"]
[EventDate "2018.10.05"]
[EventType "swiss"]
[EventCountry "IND"]
[SourceTitle "playchess.com"]
[Source "ChessBase"]
[SourceQuality "1"]
[TimeControl "5400+30"]

1. e4 e5 2. Nf3 Nc6 3. d4 exd4 4. Nxd4 Nf6 5. Nxc6 bxc6 6. e5 Qe7 7. Qe2 Nd5 8. c4 Ba6 9. Nd2 g6 10. Nf3 Bg7 11. Bg5 f6 12. exf6 Qxe2+ 13. Bxe2 Nxf6 14. O-O-O Ne4 15. Be3 Rb8 16. Nd4 O-O 17. Bf3 Rfe8 18. Bxe4 Rxe4 19. b3 Bb7 20. Rhe1 d5 21. c5 a5 22. f3 Ree8 23. Bf2 Kf7 24. Bg3 a4 25. b4 a3 26. Rd3 Bxd4 27. Rxd4 Rxe1+ 28. Bxe1 Ba6 29. Bg3 Bc4 30. Be1 Bxa2 31. Rd3 Ra8 32. Bc3 Bc4 33. Re3 a2 34. Ba1 Rb8 35. Ra3 Rxb4 36. Be5 Rb1+ 37. Kc2 Re1 38. f4 Re2+ 39. Kc1 Rxg2 40. h3 Ke6 41. Ra7 Kf5 42. Ba1 Rg1+ 43. Kb2 Rb1+ 1-0

[Event "1st Gujarat GM Open 2018"]
[Site "Ahmedabad"]
[Date "2018.10.07"]
[Round "4"]
[White "Patel Suyogkumar M"]
[Black "Kiran, Manisha Mohanty"]
[Result "0-1"]
[ECO "B26"]
[WhiteElo "1424"]
[BlackElo "2147"]
[Annotator "NA"]
[PlyCount "40"]
[EventDate "2018.10.05"]
[EventType "swiss"]
[EventCountry "IND"]
[SourceTitle "playchess.com"]
[Source "ChessBase"]
[SourceQuality "1"]
[TimeControl "5400+30"]

1. e4 c5 2. Nc3 d6 3. g3 g6 4. Bg2 Bg7 5. d3 Nc6 6. Be3 e6 7. Qd2 Rb8 8. f4 Nge7 9. Nf3 O-O 10. O-O b6 11. Rab1 d5 12. Ne2 dxe4 13. dxe4 Ba6 14. Rfd1 Qxd2 15. Rxd2 Rbd8 16. Kf2 Nb4 17. c3 Rxd2 18. Nxd2 Nd3+ 19. Kf3 f5 20. e5 Bb7+ 0-1

[Event "1st Gujarat GM Open 2018"]
[Site "Ahmedabad"]
[Date "2018.10.10"]
[Round "8"]
[White "Harsha Bharathakoti"]
[Black "Rahul Srivatshav P"]
[Result "1-0"]
[ECO "A45"]
[WhiteElo "2492"]
[BlackElo "2395"]
[Annotator "RC"]
[PlyCount "137"]
[EventDate "2018.10.05"]
[EventType "swiss"]
[EventCountry "IND"]
[SourceTitle "playchess.com"]
[Source "ChessBase"]
[SourceQuality "1"]
[TimeControl "5400+30"]

1. d4 Nf6 2. Bg5 g6 3. Bxf6 exf6 4. e3 d5 5. c4 dxc4 6. Bxc4 Bd6 7. Nc3 c6 8. Nf3 O-O 9. O-O Nd7 10. Bb3 f5 11. h3 Qe7 12. Re1 Nf6 13. Nd2 Bd7 14. Qf3 Rae8 15. e4 fxe4 16. Ndxe4 Nxe4 17. Rxe4 Qd8 18. Rxe8 Qxe8 19. Ne4 Qe7 20. d5 cxd5 21. Nxd6 Qxd6 22. Bxd5 Bc6 23. Bxc6 Qxc6 24. Qxc6 bxc6 25. Rc1 Rd8 26. Rc2 Kf8 27. g4 Rd6 28. Kg2 Ke7 29. Rc5 h6 30. Ra5 Rd7 31. h4 Kd6 32. h5 Ke6 33. Kg3 gxh5 34. Rxh5 Rd2 35. Rxh6+ Kd7 36. Rf6 Ke8 37. Rxc6 Rxb2 38. Ra6 Rb7 39. g5 Kf8 40. f4 Kg7 41. Kg4 Rc7 42. a4 Rd7 43. a5 Rc7 44. Kf5 Rb7 45. Kg4 Rc7 46. Rf6 Rc5 47. a6 Ra5 48. Kf3 Ra4 49. Ke3 Kg8 50. Kd3 Kg7 51. Ke3 Kg8 52. Kf3 Kg7 53. Kg4 Ra5 54. Rc6 Kg8 55. g6 fxg6 56. Rxg6+ Kf7 57. Rh6 Kg7 58. Rc6 Kf7 59. Rc7+ Kg6 60. Rxa7 Ra1 61. Ra8 Rg1+ 62. Kf3 Rf1+ 63. Ke3 Re1+ 64. Kf2 Ra1 65. a7 Kg7 66. f5 Ra6 67. Ke3 Kh7 68. f6 Rxf6 69. Rb8 1-0

[Event "1st Gujarat GM Open 2018"]
[Site "Ahmedabad"]
[Date "2018.10.10"]
[Round "8"]
[White "Swayams, Mishra"]
[Black "Surendran N"]
[Result "1-0"]
[ECO "E21"]
[WhiteElo "2463"]
[BlackElo "2210"]
[Annotator "RC"]
[PlyCount "135"]
[EventDate "2018.10.05"]
[EventType "swiss"]
[EventCountry "IND"]
[SourceTitle "playchess.com"]
[Source "ChessBase"]
[SourceQuality "1"]
[TimeControl "5400+30"]

1. d4 Nf6 2. c4 e6 3. Nc3 Bb4 4. Nf3 d5 5. Qa4+ Nc6 6. e3 O-O 7. Bd2 a6 8. Qc2 dxc4 9. Bxc4 Bd6 10. O-O Re8 11. h3 h6 12. Rad1 Qe7 13. Ne4 Nxe4 14. Qxe4 e5 15. Bc3 exd4 16. Qxe7 Nxe7 17. Nxd4 b5 18. Bd3 Nd5 19. Ba5 Bb7 20. Rd2 c5 21. Nf3 Bc7 22. Bxc7 Nxc7 23. Rfd1 g6 24. Be2 Ne6 25. Ne5 Rad8 26. Rd7 Rxd7 27. Rxd7 Nf8 28. Rxb7 Rxe5 29. Ra7 Re6 30. a4 bxa4 31. Bxa6 Re4 32. Bb5 Rb4 33. Bxa4 Rxb2 34. Be8 f6 35. Rc7 Rc2 36. Bf7+ Kh8 37. g4 g5 38. Kg2 Rc1 39. Kf3 c4 40. Ke4 c3 41. Kf5 Rf1 42. f4 gxf4 43. exf4 Rb1 44. Kxf6 Rb6+ 45. Kf5 Rb5+ 46. Ke4 Rb4+ 47. Kf3 Kg7 48. Bd5+ Kh8 49. Rxc3 Ng6 50. Be4 Nf8 51. Bf5 Rb7 52. Kg3 Kg7 53. Kh4 Ra7 54. Kh5 Rb7 55. h4 Ra7 56. Rc6 Rb7 57. Rxh6 Rb4 58. Kg5 Rxf4 59. Kxf4 Kxh6 60. h5 Kg7 61. g5 Kf7 62. Ke5 Kg7 63. Kd6 Kf7 64. Bd3 Kg8 65. Ke7 Kg7 66. Bf5 Kg8 67. Kf6 Kh8 68. Kf7 1-0

[Event "1st Gujarat GM Open 2018"]
[Site "Ahmedabad"]
[Date "2018.10.10"]
[Round "8"]
[White "Sahoo, Utkal Ranjan"]
[Black "Alan Diviya Raj"]
[Result "1-0"]
[ECO "A29"]
[WhiteElo "2332"]
[BlackElo "2127"]
[Annotator "NA"]
[PlyCount "77"]
[EventDate "2018.10.05"]
[EventType "swiss"]
[EventCountry "IND"]
[SourceTitle "playchess.com"]
[Source "ChessBase"]
[SourceQuality "1"]
[TimeControl "5400+30"]

1. c4 Nf6 2. Nc3 e5 3. Nf3 Nc6 4. g3 Bc5 5. Bg2 O-O 6. O-O d6 7. d3 Be6 8. Bg5 Bb4 9. Ne4 d5 10. cxd5 Bxd5 11. Bxf6 gxf6 12. Nh4 Be6 13. Qc1 Be7 14. Nc5 Nd4 15. Re1 Bxc5 16. Qxc5 c6 17. e3 Nb5 $16 18. a4 Qd6 19. Qc2 Nc7 20. Be4 Bd5 21. Nf5 Qe6 22. Qe2 Kh8 23. Qh5 Bxe4 24. dxe4 Ne8 25. Qh6 Rg8 26. Rad1 Ng7 27. Nd6 b6 28. Rd2 Ne8 29. Red1 Ng7 30. Nb7 Rab8 31. Nd8 Qe7 32. Nxc6 Qb7 33. Nxb8 Qxb8 34. Qxf6 Qc8 35. Rd8 Qe6 36. Rxg8+ Kxg8 37. Rd8+ Ne8 38. Qxe6 fxe6 39. Rxe8+ 1-0

[Event "1st Gujarat GM Open 2018"]
[Site "Ahmedabad"]
[Date "2018.10.10"]
[Round "8"]
[White "Mohammad Minhaz Uddin"]
[Black "Prasannaa.s"]
[Result "1-0"]
[ECO "C44"]
[WhiteElo "2328"]
[BlackElo "2124"]
[Annotator "NA"]
[PlyCount "125"]
[EventDate "2018.10.05"]
[EventType "swiss"]
[EventCountry "IND"]
[SourceTitle "playchess.com"]
[Source "ChessBase"]
[SourceQuality "1"]
[TimeControl "5400+30"]

1. e4 e5 2. Nf3 Nc6 3. d4 exd4 4. Nxd4 Nf6 5. Nc3 Bb4 6. Nxc6 bxc6 7. Bd3 O-O 8. O-O d5 9. exd5 cxd5 10. Bg5 c6 11. Qf3 h6 12. Bxf6 Qxf6 13. Qxf6 gxf6 14. Ne2 Rb8 15. Ng3 {[%emt 0:09:34] C47: Scotch Four Knights and Four Knights with 4 g3} (15. Rad1 Bc5 16. b3 Bg4 17. h3 Bxe2 18. Bxe2 Rfe8 19. Bd3 Bb4 20. g4 d4 21. Kg2 Re5 22. Kf3 Rbe8 {½-½ (31) Zhou,W (2606)-Wei,Y (2727) China 2017}) 15... Ba5 16. Rab1 Re8 17. Nh5 Bd8 18. h3 $146 ({Predecessor:} 18. Rfe1 Rxe1+ 19. Rxe1 Kf8 20. b3 Bg4 21. Ng3 Ba5 22. Rb1 Be6 {½-½ (75) Vogelmann,P (2320)-Tamm,U (2225) Germany 2000}) 18... Re5 19. g4 Kf8 20. b3 Be6 21. Kg2 Ke7 22. f4 Re3 23. Rbe1 Rxe1 24. Rxe1 Kd6 25. Re2 a5 26. Ng7 Rb7 27. Bf5 Re7 28. Kg3 Bc7 29. Nh5 Bxf5 30. Rxe7 Kxe7 31. gxf5 Bd8 {[%emt 0:01:51] [#]} 32. Kg4 $1 Kd6 {[%emt 0:00:06] [#]} 33. Ng7 (33. Ng3 $1 $16) 33... Kc5 34. Kh5 Kd4 35. Kxh6 Kc3 36. Ne8 Kxc2 $11 37. Kg7 d4 38. Nd6 Bc7 39. Ne4 Kd3 40. Nc5+ Ke3 41. h4 Bd6 42. Na4 Kxf4 43. h5 Kxf5 44. h6 Kg5 45. Nb2 f5 46. Nc4 Be7 47. Kxf7 Bf6 48. Nxa5 d3 49. Nc4 Bc3 50. h7 f4 51. Nd2 Kg4 52. Ne4 Bd4 53. Nf2+ Kf5 54. Nxd3 f3 55. a4 Ke4 56. Nf2+ Kd5 57. Ke7 Kc5 58. Nd3+ Kb6 59. Kd6 c5 60. Kd5 Ka5 61. b4+ Kxa4 62. bxc5 Bg7 63. c6 1-0

[Event "1st Gujarat GM Open 2018"]
[Site "Ahmedabad"]
[Date "2018.10.10"]
[Round "8"]
[White "Aaryan Varshney"]
[Black "Sudhanshu Ranjan"]
[Result "1/2-1/2"]
[ECO "D59"]
[WhiteElo "2286"]
[BlackElo "2060"]
[Annotator "NA"]
[PlyCount "133"]
[EventDate "2018.10.05"]
[EventType "swiss"]
[EventCountry "IND"]
[SourceTitle "playchess.com"]
[Source "ChessBase"]
[SourceQuality "1"]
[TimeControl "5400+30"]

1. d4 Nf6 2. Nf3 e6 3. c4 d5 4. Nc3 Be7 5. Bg5 h6 6. Bh4 O-O 7. e3 b6 8. cxd5 Nxd5 9. Bxe7 Qxe7 10. Nxd5 exd5 11. Rc1 c6 12. Bd3 Bb7 13. O-O Nd7 14. Qe2 {[%emt 0:04:55] D53: Queen's Gambit Declined: 4 Bg5 Be7: Early deviations} Nf6 (14... a6 15. e4 dxe4 16. Qxe4 Qxe4 17. Bxe4 Rac8 18. Nd2 Nf6 19. Bf3 Rfd8 20. Nc4 Rxd4 21. Nxb6 Rb8 {1-0 (36) Fressinet,L (2664)-Stupak,K (2561) Baku 2016}) 15. Rc2 $146 ({Predecessor:} 15. Ne5 c5 16. Nf3 Rfc8 17. dxc5 Rxc5 18. Rxc5 Qxc5 19. Qc2 Nd7 20. Rc1 Rc8 21. Qxc5 Rxc5 22. Rxc5 Nxc5 {0-1 (40) Tran Thi Thu,T-Vu T Thuy,H Hue 2004}) 15... Rfc8 16. Rfc1 Rc7 17. Ne5 c5 18. b3 a5 19. a4 Bc8 20. h3 Be6 21. f3 Rac8 22. Ba6 Ra8 23. g4 Nd7 24. f4 Nxe5 25. dxe5 Qh4 26. Kg2 f5 27. exf6 gxf6 28. Bd3 $15 (28. Qb5 $5 Re7 29. Qxb6 $15) 28... h5 29. f5 Bf7 30. Qf3 Kg7 31. Qg3 Qxg3+ 32. Kxg3 Re7 33. Re2 Rae8 34. Kf3 hxg4+ 35. hxg4 Rh8 36. Kg3 Rd8 37. Kf4 Rh8 38. Kg3 Ree8 39. Rce1 Kh6 40. Kf4 Kg7 41. Kg3 Re5 42. Bc2 Kf8 43. Rh2 Rxh2 44. Kxh2 d4 45. e4 d3 46. Bxd3 Bxb3 47. Kg3 c4 48. Bf1 b5 49. axb5 a4 50. Ra1 Rxe4 51. Kf3 Re5 52. b6 Rb5 53. Bxc4 Bxc4 54. Rxa4 Bb3 55. Rd4 Kg7 56. g5 Rxf5+ 57. Ke3 fxg5 58. Rb4 Bd5 59. b7 Bxb7 60. Rxb7+ Kg6 61. Rb1 g4 62. Ke2 Kg5 63. Rf1 Ra5 64. Kf2 Ra3 65. Kg2 Kh4 66. Rh1+ Kg5 67. Rf1 1/2-1/2

[Event "1st Gujarat GM Open 2018"]
[Site "Ahmedabad"]
[Date "2018.10.10"]
[Round "8"]
[White "Ritviz, Parab"]
[Black "Nikhil Magizhnan"]
[Result "1-0"]
[ECO "B13"]
[WhiteElo "2252"]
[BlackElo "2056"]
[Annotator "NA"]
[PlyCount "119"]
[EventDate "2018.10.05"]
[EventType "swiss"]
[EventCountry "IND"]
[SourceTitle "playchess.com"]
[Source "ChessBase"]
[SourceQuality "1"]
[TimeControl "5400+30"]

1. e4 c6 2. d4 d5 3. exd5 cxd5 4. Bd3 e6 5. Nf3 Be7 6. c3 Nf6 7. Bf4 O-O 8. Nbd2 Nc6 9. O-O Nh5 10. Be3 Nf6 11. Re1 Qc7 12. Bg5 h6 13. Bh4 Nd7 14. Bxe7 Nxe7 15. Nf1 Nc6 16. Rc1 Nf6 17. Ne3 Rd8 18. b4 a6 19. a4 Nd7 20. h3 Qb8 21. Ng4 f5 22. Ne3 Nf6 23. b5 axb5 24. axb5 Na5 25. g4 Rf8 26. Ne5 f4 27. Ng2 g5 28. h4 Kg7 29. Ng6 Rf7 30. Ne5 Rf8 31. f3 Nd7 32. Bc2 Rf6 33. Qd3 Nf8 34. Kf2 Nc4 35. Nxc4 dxc4 36. Qxc4 Ng6 37. hxg5 hxg5 38. Rh1 Bd7 39. Rh5 Qc8 40. Qxc8 Rxc8 41. Bd3 Nf8 42. Rxg5+ Kf7 43. c4 Ra8 44. Re5 Ra3 45. Be4 Rh6 46. Nxf4 Ra7 47. Kg3 Kg7 48. b6 Ra6 49. c5 Bc8 50. c6 Rxb6 51. cxb7 Bd7 52. Rb1 Bb5 53. Rbxb5 Rxb5 54. Rxb5 Nd7 55. b8=Q Nxb8 56. Rxb8 Kf6 57. Nxe6 Rh1 58. Rb6 Rg1+ 59. Kf4 Ke7 60. Ke5 1-0

[Event "1st Gujarat GM Open 2018"]
[Site "Ahmedabad"]
[Date "2018.10.10"]
[Round "8"]
[White "Rakshitta Ravi"]
[Black "Manish Anto Cristiano F"]
[Result "1-0"]
[ECO "B98"]
[WhiteElo "2160"]
[BlackElo "1961"]
[Annotator "NA RC"]
[PlyCount "117"]
[EventDate "2018.10.05"]
[EventType "swiss"]
[EventCountry "IND"]
[SourceTitle "playchess.com"]
[Source "ChessBase"]
[SourceQuality "1"]
[TimeControl "5400+30"]

1. e4 c5 2. Nf3 d6 3. d4 cxd4 4. Nxd4 Nf6 5. Nc3 a6 6. Bg5 e6 7. f4 Be7 8. Qe2 h6 9. Bh4 {[%emt 0:00:05] B98: Sicilian Najdorf: 6 Bg5 e6 7 f4 Be7, sidelines} (9. Bxf6 Bxf6 10. O-O-O Qc7 11. Qd2 Bd7 12. Kb1 b5 13. g4 b4 14. Nce2 Nc6 15. Nf3 Be7 16. h4 a5 {½-½ (48) Jobava,B (2669)-Yilmaz,M (2622) Izmir 2016}) 9... Nxe4 10. Bxe7 Nxc3 11. Qc4 Kxe7 12. Qxc3 Re8 13. O-O-O Kf8 14. Nf3 Kg8 15. g4 $146 ({Predecessor:} 15. Kb1 Qe7 16. Qd3 d5 {1-0 (29) Flores Quillas,D (1999)-Varillas Jimenes,I (1397) Lima 2017}) 15... d5 16. g5 hxg5 17. fxg5 Nc6 18. g6 fxg6 19. Rg1 Qf6 20. Qd3 Qf5 21. Qa3 ({White should try} 21. Ng5 $15) 21... Bd7 (21... e5 $17 22. Kb1 Rd8) 22. Rg3 $17 e5 23. Kb1 Rac8 24. Bh3 Qf7 25. Ng5 Qe7 26. Qd3 Bxh3 27. Qxg6 Qf6 28. Qh7+ Kf8 29. Rf3 Qxf3 30. Qh8+ Ke7 31. Qxg7+ Kd6 32. Nxf3 Re7 33. Qf6+ Kc5 34. Rd3 d4 35. c3 Kc4 36. Kc2 Kb5 37. Nxd4+ exd4 38. Rxh3 dxc3 39. Rxc3 Re2+ 40. Kd1 Rxh2 41. Qf1+ Ka5 42. Ra3+ Kb6 43. Qg1+ Kc7 44. Qxh2+ Kb6 45. Rb3+ Ka7 46. Qf2+ Ka8 47. Qb6 Rd8+ 48. Kc1 Rd7 49. Rc3 Rd6 50. Rh3 Rd8 51. Rh7 Rb8 52. b4 Na7 53. a4 Nc8 54. Qd4 Na7 55. b5 axb5 56. axb5 Nxb5 57. Qb6 Na7 58. Kb1 Nc6 59. Rg7 1-0

[Event "1st Gujarat GM Open 2018"]
[Site "Ahmedabad"]
[Date "2018.10.12"]
[Round "10"]
[White "Prasad, Devaki V"]
[Black "Shahil Dey"]
[Result "1-0"]
[ECO "B42"]
[WhiteElo "2285"]
[BlackElo "2063"]
[Annotator "RC"]
[PlyCount "93"]
[EventDate "2018.10.05"]
[EventType "swiss"]
[EventCountry "IND"]
[SourceTitle "playchess.com"]
[Source "ChessBase"]
[SourceQuality "1"]
[TimeControl "5400+30"]

1. e4 c5 2. Nf3 e6 3. d4 cxd4 4. Nxd4 a6 5. Bd3 Nf6 6. O-O Qc7 7. Qe2 d6 8. c4 g6 9. Nc3 Bg7 10. Rd1 O-O 11. h3 Nbd7 12. Nf3 b6 13. Bg5 Bb7 14. Rac1 Rac8 15. b3 Rfe8 16. Bb1 h6 17. Bf4 Ne5 18. Nxe5 dxe5 19. Be3 Bc6 20. Nb5 axb5 21. cxb5 Qb7 22. bxc6 Rxc6 23. Rxc6 Qxc6 24. Rc1 Qb7 25. Qb5 Rb8 26. Rc6 Qd7 27. Bd3 Rd8 28. Bc2 Rc8 29. Rxc8+ Qxc8 30. Bd3 Nd7 31. b4 f5 32. Bc4 Kf7 33. Bb3 Ke7 34. Bxb6 Qc1+ 35. Kh2 Qf4+ 36. g3 Qxe4 37. Bc5+ Nxc5 38. Qxc5+ Kf6 39. Qd6 Qd4 40. Qxe6+ Kg5 41. f4+ exf4 42. h4+ Kg4 43. Bd1+ Qxd1 44. Qxg6+ Kf3 45. Qh5+ Kf2 46. Qxd1 fxg3+ 47. Kh3 1-0

[Event "1st Gujarat GM Open 2018"]
[Site "Ahmedabad"]
[Date "2018.10.12"]
[Round "10"]
[White "Jeet, Jain"]
[Black "Arjun Kalyan"]
[Result "1/2-1/2"]
[ECO "C50"]
[WhiteElo "2185"]
[BlackElo "2408"]
[Annotator "RC"]
[PlyCount "65"]
[EventDate "2018.10.05"]
[EventType "swiss"]
[EventCountry "IND"]
[SourceTitle "playchess.com"]
[Source "ChessBase"]
[SourceQuality "1"]
[TimeControl "5400+30"]

1. e4 e5 2. Nf3 Nc6 3. Bc4 Nf6 4. d3 Bc5 5. c3 a6 6. O-O d6 7. Bb3 h6 8. Nbd2 O-O 9. h3 Re8 10. Re1 Be6 11. Bxe6 Rxe6 12. b4 Ba7 13. Qc2 d5 14. a4 Qe8 15. Nb3 Ne7 16. c4 dxe4 17. dxe4 Nc6 18. Bd2 Nd4 19. Nbxd4 Bxd4 20. Bc3 c5 21. bxc5 Bxc3 22. Qxc3 Rc8 23. a5 Rxc5 24. Rab1 Qa4 25. Rxb7 Rxc4 26. Qd3 Rcc6 27. Rb8+ Kh7 28. Rf8 Qxa5 29. Rxf7 Rc7 30. Rf8 Rc3 31. Qd2 Ra3 32. Qc1 Rc3 33. Qd2 1/2-1/2